 Dungeon Crawl Stone Soup version 0.29.1-14-g9c671dbff4 (webtiles) character file.

Game seed: 9305309655121954069

102 croobank the Sneak (level 4, 0/33 HPs)
             Began as an Octopode Delver on Feb 17, 2023.
             Slain by Robin
             ... wielding a +0 mace
              (9 damage)
             ... on level 2 of the Dungeon.
             The game lasted 00:10:17 (2647 turns).

croobank the Sneak (Octopode Delver)                Turns: 2647, Time: 00:10:18

Health: 0/33       AC:  1    Str: 11    XL:     4   Next: 77%
Magic:  4/4        EV: 13    Int: 14    God:
Gold:   159        SH:  0    Dex: 13    Spells: 3/3 levels left

rFire   . . .      SeeInvis .   a - +0 hand axe
rCold   . . .      Faith    .   (no shield)
rNeg    . . .      Spirit   .   (helmet restricted)
rPois   .          Reflect  .   (no amulet)
rElec   .          Harm     .   (no ring)
rCorr   .          Rampage  .   (no ring)
Will    .....                   (no ring)
Stlth   ++++......              (no ring)
HPRegen 0.11/turn               (no ring)
MPRegen 0.09/turn               (no ring)
                                (no ring)
                                (no ring)

@: no status effects
A: almost no armour, amphibious, 8 rings, camouflage 1, gelatinous body 1,
(nimble swimmer 1), tentacles
a: no special abilities


You were on level 2 of the Dungeon.
You visited 1 branch of the dungeon, and saw 7 of its levels.

You collected 159 gold pieces.

Inventory:

Hand Weapons
 a - a +0 hand axe (weapon)
 g - a +0 trident
 i - a +0 long sword
 o - a +0 dagger
 u - a +2 dagger of holy wrath
Magical Staves
 p - a staff of air
Jewellery
 m - a ring of fire
Wands
 f - a wand of digging (2)
 j - a wand of mindburst (11)
 k - a wand of acid (6)
Scrolls
 b - a scroll of fog
 c - a scroll of magic mapping
 d - a scroll of fear
 h - a scroll of immolation
 q - 2 scrolls of teleportation
Potions
 e - 2 potions of haste
 l - a potion of lignification
 s - a potion of curing


   Skills:
 + Level 3.7 Fighting
 + Level 2.9 Axes
 + Level 2.9 Dodging
 + Level 7.3 Stealth


You had 3 spell levels left.
You didn't know any spells.
Your spell library was empty.

Dungeon Overview and Level Annotations

Branches:
Dungeon (7/15)
 Temple: D:4-7

Altars:
Trog

Shops:
D:1 [   D:4 *

Annotations:
D:2 Robin
D:4 Sigmund


Innate Abilities, Weirdness & Mutations

You cannot wear most types of armour.
You are amphibious.
You can wear up to eight rings at the same time.
Your skin changes colour to match your surroundings (Stealth+).
Your rubbery body absorbs attacks. (AC +1, EV +1)
((You are camouflaged when in or above water. (Stealth+)))
You have tentacles for arms and can constrict up to eight enemies at once.


Message History

A goblin comes into view. It is wielding a +0 dagger.
The helpless goblin fails to defend itself.
You hit the goblin. Your grab misses the goblin.
The goblin is moderately wounded.
The goblin closely misses you.
You slash the goblin!
You kill the goblin!
The goblin shouts!
The hobgoblin shouts!
The goblin shouts!
You hear a shout!
Robin shouts!
You hear a shout!
You closely miss the hobgoblin. You grab the hobgoblin.
You squeeze the hobgoblin.
You kill the hobgoblin!
You completely miss the goblin. You grab the goblin. You constrict the goblin.
The goblin misses you.
You hit the goblin.
The goblin is heavily wounded.
You constrict the goblin.
You kill the goblin!
Robin throws the goblin at you! The goblin hits you with a +0 dagger.
The goblin attacks as you move away! The goblin closely misses you.
Robin roars a battlecry!
The goblin goes into a battle-frenzy!
Items here: )) ††.
You hit the goblin but do no damage. You grab the goblin.
You constrict the goblin. The goblin hits you with a +0 dagger.
You hit the goblin.
You kill the goblin!
You hit Robin.
Robin says, "My army is invincible!"
Robin hits you with a +0 mace!
A goblin comes into view. It is wielding a +0 dagger.
Robin hits you with a +0 mace.
You hit Robin. You grab Robin.
Robin is heavily wounded.
You constrict Robin, but do no damage. Robin hits you with a +0 mace!
* * * LOW HITPOINT WARNING * * *
You hit Robin.
Robin is severely wounded.
You constrict Robin. Robin hits you with a +0 mace!
You die...

#########
#..)@gg.#
##.####.#
#.# #.#
####.#
#....#
#####.######
#..........#
#.###.#..#.#


You could see Robin and a goblin (strong).

Vanquished Creatures
  A hound (D:4)
  2 adders
  A white imp (D:6)
  An orc (D:6)
  3 ball pythons
  4 bats
  5 endoplasms
  3 giant cockroaches
  5 goblins
  5 hobgoblins
  2 jackals (D:1)
  A quokka (D:4)
  A frilled lizard (D:2)
  A kobold (D:4)
  10 rats
45 creatures vanquished.

Notes
Turn   | Place    | Note
-------+----------+-------------------------------------------
     0 | D:5      | croobank the Octopode Delver began the quest for the Orb.
     0 | D:5      | Reached XP level 1. HP: 16/16 MP: 1/1
    18 | D:6      | Noticed a centaur
   100 | D:5      | Noticed an iguana
   102 | D:4      | You fall into a shaft and drop 3 floors!
   137 | D:4      | Found Houmnenn's Assorted Antiques.
   178 | D:4      | Noticed Sigmund
   217 | D:4      | Reached XP level 2. HP: 12/21 MP: 2/2
   416 | D:6      | Found a bloodstained altar of Trog.
   646 | D:4      | Reached skill level 7 in Stealth
   646 | D:4      | Reached XP level 3. HP: 11/26 MP: 3/3
   980 | D:1      | Found Plog's Armour Boutique.
  1044 | D:1      | Found a faded altar of an unknown god.
  1072 | D:1      | Reached XP level 4. HP: 31/31 MP: 4/4
  2636 | D:2      | Noticed Robin
  2647 | D:2      | Slain by Robin

Illustrated notes

Levels and vault maps discovered:
D:1:      dpeg_arrival_ratfight, layout_basic, serial_shops,
          nicolae_shop_waterfront, dreamdust_ecumenical_altar_statues,
          roderic_serpentine_path
D:2:      layout_basic, kennysheep_generic_room_11, uniq_robin
D:3:      layout_basic, minmay_gold_behind_fungi, minmay_between
D:4:      layout_cave_pods, serial_shops, shop, uniq_sigmund, uniq_grinder
D:5:      layout_gridville, minmay_temple_entry_water_ring, serial_glass,
          glass_columns_a, glass_columns_b, due_unseen_surprise,
          minmay_strange_pillars, serial_bayou_pond_d, uniq_ijyb
D:6:      layout_loops_corners, nicolae_overflow_crystal_walls,
          ebering_ghost_reflecting_pool, nicolae_concentric_dashed_squares_wild
D:7:      layout_basic, gammafunk_ghost_wrathful_warriors, minmay_circle_x

Skill      XL: |  1  2 |
---------------+-------+-----
Stealth        | 7 |  7.3
Fighting       | |  3.7
Axes           | |  2.9
Dodging        | |  2.9

Action                   |  1- 3 |  4- 6 || total
-------------------------+-------+-------++-------
Melee: Hand axe          |    26 |    52 ||    78
       Constrict         |     6 |    18 ||    24
       Tentacles         |     6 |    10 ||    16
       Punch             |     1 |       ||     1
Evoke: Wand              |     1 |       ||     1
  Use: Scroll            |       |     8 ||     8
 Stab: Sleeping          |     5 |    13 ||    18
       Distracted        |     1 |       ||     1
Armor: Skin              |     1 |     1 ||     2
Dodge: Dodged            |    15 |    23 ||    38
